 Dungeon Crawl Stone Soup version 0.26-a0-1147-g3780a7a11b (webtiles) character file.

Game seed: 11532408011588802890

1264 hatsuma the Fighter (level 8, -9/68 HPs)
             Began as a Demonspawn Abyssal Knight on Dec 22, 2020.
             Was a Priest of Lugonu.
             Killed by divine providence
             ... invoked by an orc priest
              (13 damage)
             ... on level 6 of the Dungeon.
             The game lasted 00:42:19 (5586 turns).

hatsuma the Fighter (Demonspawn Abyssal Knight)     Turns: 5586, Time: 00:42:20

Health: -9/68      AC: 11    Str: 14    XL:     8   Next: 27%
Magic:  8/9        EV:  8    Int: 13    God:    Lugonu [***...]
Gold:   453        SH:  3    Dex: 14    Spells: 7/7 levels left

rFire    . . .     SeeInvis .   a - +2 spear
rCold    . . .     Faith    .   r - +0 buckler
rNeg     . . .     Spirit   .   h - +0 scale mail
rPois    .         Reflect  .   (no helmet)
rElec    .         Harm     .   (no cloak)
rCorr    .         Rampage  .   A - +1 pair of gloves
Will     .....                  (no boots)
Stlth    ..........             (no amulet)
HPRegen  0.21/turn              (no ring)
MPRegen  0.11/turn              (no ring)

@: no status effects
A: claws 2, thin metallic scales 2, powered by death 1
a: Renounce Religion, Depart the Abyss, Bend Space, Banish


You were on level 6 of the Dungeon.
You worshipped Lugonu.
Lugonu was most pleased with you.
You visited 1 branch of the dungeon, and saw 6 of its levels.
You visited the Abyss 1 time.
You also visited: Sewer.

You collected 453 gold pieces.

Inventory:

Hand Weapons
 a - a +2 spear (weapon)
Missiles
 f - 170 stones (quivered)
 g - 20 sling bullets
 m - 11 poisoned darts
Armour
 e - a +1 pair of gloves
 h - a +0 scale mail (worn)
 r - a +0 buckler (worn)
 A - a +1 pair of gloves (worn)
Jewellery
 x - an uncursed ring of stealth {unknown}
Wands
 y - a wand of acid (7)
Scrolls
 b - a scroll of teleportation {unknown}
 c - 3 scrolls of remove curse
 d - 3 scrolls of fear
 l - 2 scrolls of immolation
 o - a scroll of fog {unknown}
 t - 2 scrolls of random uselessness {unknown}
 u - a scroll of blinking {unknown}
Potions
 i - a potion of attraction {unknown}
 j - a potion of invisibility {unknown}
 k - 2 potions of curing
 n - a potion of cancellation {unknown}
 p - a potion of magic {unknown}
 q - 2 potions of haste
 s - a potion of degeneration {unknown}
 v - a potion of flight {unknown}
 w - a potion of berserk rage {unknown}
 z - a potion of lignification {unknown}


   Skills:
 + Level 8.0 Fighting
 - Level 5.8 Polearms
 - Level 2.3 Armour
 - Level 1.3 Dodging
 - Level 1.4 Stealth
 - Level 2.4 Invocations


You had 7 spell levels left.
You didn't know any spells.
Your spell library was empty.

Dungeon Overview and Level Annotations

Branches:
Dungeon (6/15)             Temple (0/1) D:5           Sewer (visited)

Altars:
Dithmenos
Fedhas
Hepliaklqana
Makhleb
Nemelex Xobeh
Okawaru
Sif Muna
Trog
Wu Jian


Innate Abilities, Weirdness & Mutations

You have very sharp fingernails.
You are mostly covered in thin metallic scales. (AC +3)
You regenerate a little health from kills.


Message History

Found a stone staircase leading down.
The jackal closely misses you.
The jackal bites you but does no damage.
The shadow imp gestures at you.
You struggle to resist.
The orc warrior hits you with a cursed -1 broad axe!!
* * * LOW HITPOINT WARNING * * *
Found a mace.
The jackal bites you.
* * * LOW HITPOINT WARNING * * *
The jackal bites you but does no damage.
The shadow imp hits you.
* * * LOW HITPOINT WARNING * * *
The jackal bites you but does no damage.
The jackal closely misses you. You block the jackal's attack.
The orc warrior hits you with a cursed -1 broad axe.
* * * LOW HITPOINT WARNING * * *
The orc priest invokes the aid of Beogh against you.
Beogh smites you!
You die...

..# #.#### #### #.#
#..... #...##.###..##
#...>..o.....# #
##.....hoh....# .
#.)...#.#.#...# #
......5h#.#..o# #
#......o#.#5..# #
#......@#.#.o.##########
#.......#.#........o...#
###..#......#...........
#..##.#.#.............
.... #.#.#.....######.#
.... ..# #.........##.#
... ### #.#...###.##.#
.........<...#
.###..####...##


You could see an orc warrior (fast), an orc priest, a shadow imp, an orc and 2
jackals.

Vanquished Creatures
  Prince Ribbit (D:4)
  Eustachio (D:5)
  2 sky beasts (D:5)
  An ice beast (D:5)
  A centaur (D:6)
  An ogre (D:5)
  A bullfrog (D:5)
  A scorpion (D:4)
  A jelly (D:5)
  A centaur skeleton (D:2)
  3 orc wizards
  A hound zombie (D:5)
  6 adders
  4 river rats (Sewer)
  3 shadow imps (D:5)
  A white imp (D:6)
  An ufetubus (D:5)
  3 oozes
  A dart slug (D:4)
  7 leopard geckos
  7 orcs
  3 ball pythons
  13 giant cockroaches
  8 hobgoblins
  8 jackals
  3 quokkas
  6 bats
  13 frilled lizards
  9 goblins
  A jackal zombie (D:5)
  4 kobolds
  A leopard gecko skeleton (D:2)
  2 quokka skeletons (D:5)
  13 rats
132 creatures vanquished.

Notes
Turn   | Place    | Note
-------+----------+-------------------------------------------
     0 | Abyss:1  | hatsuma the Demonspawn Abyssal Knight began the quest for
                  | the Orb.
     0 | Abyss:1  | Reached XP level 1. HP: 18/18 MP: 2/2
     0 | D:1      | Escaped the Abyss
    36 | D:1      | Reached skill level 1 in Dodging
   198 | D:1      | Reached skill level 1 in Stealth
   219 | D:1      | Reached * piety under Lugonu
   357 | D:1      | Gained mutation: You regenerate a little health from kills.
                  | [demonic ancestry]
   357 | D:1      | Reached XP level 2. HP: 24/24 MP: 3/3
   997 | D:2      | Reached XP level 3. HP: 29/29 MP: 4/4
  1324 | D:2      | Gained mutation: You are partially covered in thin metallic
                  | scales. (AC +2) [demonic ancestry]
  1324 | D:2      | Reached XP level 4. HP: 35/35 MP: 5/5
  1715 | D:3      | Found a shadowy altar of Dithmenos.
  1966 | D:3      | Found an ornate altar of the Wu Jian Council.
  2129 | D:3      | Reached skill level 4 in Fighting
  2133 | D:3      | Reached ** piety under Lugonu
  2139 | D:3      | Found a glowing drain.
  2159 | Sewer    | Entered a sewer
  2204 | Sewer    | Gained mutation: You have sharp fingernails. [demonic
                  | ancestry]
  2204 | Sewer    | Reached XP level 5. HP: 39/42 MP: 6/6
  2855 | D:4      | Reached skill level 5 in Fighting
  2930 | D:4      | Gained mutation: You have very sharp fingernails. [demonic
                  | ancestry]
  2930 | D:4      | Reached XP level 6. HP: 45/51 MP: 7/7
  3031 | D:4      | Found a burning altar of Makhleb.
  3210 | D:4      | Found a blossoming altar of Fedhas.
  3633 | D:5      | Entered Level 5 of the Dungeon
  3633 | D:5      | Noticed Prince Ribbit
  3633 | D:5      | Noticed a sky beast
  3655 | D:5      | Killed a sky beast
  3656 | D:5      | Reached skill level 6 in Fighting
  3751 | D:5      | Noticed a sky beast
  3767 | D:5      | Killed a sky beast
  3768 | D:5      | Gained mutation: You are mostly covered in thin metallic
                  | scales. (AC +3) [demonic ancestry]
  3768 | D:5      | Reached XP level 7. HP: 38/58 MP: 8/8
  3931 | D:4      | Killed Prince Ribbit
  3932 | D:4      | Reached skill level 7 in Fighting
  4162 | D:5      | Found an iron altar of Okawaru.
  4214 | D:5      | Reached *** piety under Lugonu
  4246 | D:5      | HP: 2/60 [ice beast (7)]
  4249 | D:5      | Reached skill level 5 in Polearms
  4587 | D:5      | Found a staircase to the Ecumenical Temple.
  4608 | D:5      | Noticed Eustachio
  4668 | D:5      | Killed Eustachio
  4669 | D:5      | Reached XP level 8. HP: 37/67 MP: 7/9
  4815 | D:5      | Found an iron altar of Okawaru.
  4815 | D:5      | Found a bloodstained altar of Trog.
  5092 | D:5      | Found a sparkling altar of Nemelex Xobeh.
  5198 | D:5      | Found a hazy altar of Hepliaklqana.
  5205 | D:5      | Found a shimmering blue altar of Sif Muna.
  5481 | D:6      | Reached skill level 8 in Fighting
  5586 | D:6      | Killed from afar by an orc priest

Illustrated notes

Levels and vault maps discovered:
D:1:      dpeg_arrival_rooms_a, layout_basic, nrook_loot_triangle,
          due_unseen_surprise
D:2:      layout_basic
D:3:      layout_basic, nicolae_overflow_crystal_walls, gup_sewer_entry_pipe,
          nicolae_dithmenos_shadow_blocks
D:4:      layout_cave_pools, bloody_makhleb, fedhas_altar_4
D:5:      layout_rooms, grunt_temple_overflow_bloody_war, lemuel_crystal_altar,
          old_standard_altar, marbit_many_paths, basic_altar,
          uniq_prince_ribbit1, uniq_eustachio
D:6:      layout_loops_ring

Skill      XL: |  1  2  3  4  5  6  7  8 |
---------------+-------------------------+-----
Dodging        | 1 |  1.3
Stealth        | 1 |  1.4
Armour         | 2 |  2.3
Polearms       | 2 3 4 5 |  5.8
Fighting       | 4 5 6 7 8 |  8.0
Invocations    | |  2.4

Action                   |  1- 3 |  4- 6 |  7- 9 || total
-------------------------+-------+-------+-------++-------
Melee: Spear             |   154 |   280 |   196 ||   630
Throw: Stone             |     8 |    14 |     6 ||    28
Invok: Depart the Abyss  |     1 |       |       ||     1
       Bend Space        |       |     4 |     4 ||     8
  Use: Scroll            |     6 |     6 |       ||    12
       Potion            |       |     2 |     1 ||     3
 Stab: Sleeping          |     4 |       |       ||     4
Armor: Leather armour    |    24 |       |       ||    24
       Ring mail         |    16 |       |       ||    16
       Scale mail        |     5 |    94 |    97 ||   196
Dodge: Dodged            |    70 |    96 |    75 ||   241
Block: Buckler           |       |     6 |    28 ||    34

Table legend: (Time is in decaauts)
 A = Elapsed time spent in this place.
 B = Non-inter-level travel time spent in this place.
 C = Inter-level travel time spent in this place.
 D = Time resting spent in this place.
 E = Time spent auto-exploring this place.
 F = Levels seen in this place.
 G = Mean time per level.
                   A        B        C        D        E       F      G
               +--------+--------+--------+--------+--------+-----+--------+
         Total |   5600 |   5332 |    268 |   1460 |    579 |   8 |  700.0 |
       Dungeon |   5233 |   4965 |    268 |   1460 |    579 |   6 |  872.2 |
         Abyss |      0 |      0 |      0 |      0 |      0 |   1 |    0.0 |
         Sewer |    367 |    367 |      0 |      0 |      0 |   1 |  367.0 |
               +--------+--------+--------+--------+--------+-----+--------+

Top non-repeatable levels by time:
     D:5: 1313 daAuts
     D:4: 1051 daAuts
     D:3: 1019 daAuts
     D:1: 947 daAuts
     D:2: 757 daAuts
   Sewer: 367 daAuts
     D:6: 143 daAuts
